 Dungeon Crawl Stone Soup version 0.29-a0-8-g0446c0dae4 (webtiles) character file.

Game seed: 840962835992645250

6337 riojii the Gouger (level 10, -1/73 HPs)
             Began as a Felid Berserker on Jan 27, 2022.
             Was a High Priest of Trog.
             Slain by a red ugly thing (15 damage)
             ... on level 12 of the Dungeon.
             The game lasted 00:25:09 (11500 turns).

riojii the Gouger (Felid Berserker)                Turns: 11500, Time: 00:25:09

Health: -1/73      AC:  2    Str: 17    XL:     10   Next: 64%
Magic:  11/11      EV: 34    Int: 10    God:    Trog [*****.]
Gold:   712        SH:  0    Dex: 31    Spells: 9/9 levels left
                                        Lives:  0   Deaths: 3

rFire   . . .      SeeInvis +     - Unarmed
rCold   . . .      Faith    .   (shield unavailable)
rNeg    . . .      Spirit   .   (armour unavailable)
rPois   .          Reflect  .   (helmet unavailable)
rElec   .          Harm     .   (cloak unavailable)
rCorr   .          Rampage  .   (gloves unavailable)
Will    +....                   (boots unavailable)
Stlth   ..........              c - amulet of regeneration
HPRegen 1.02/turn               h - +6 ring of dexterity
MPRegen 0.12/turn               b - +6 ring of dexterity

@: berserking (expiring), very quick
A: very small, claws 1, fangs 3, see invisible, speed 1, shaggy fur 2, stealthy
paws, no weapons or thrown items, no armour, multi-lived, sense surroundings 1,
strong 2
a: Renounce Religion, Berserk, Trog's Hand, Brothers in Arms


You were on level 12 of the Dungeon.
You worshipped Trog.
Trog was extremely pleased with you.
You visited 1 branch of the dungeon, and saw 12 of its levels.
You also visited: Ossuary.

You collected 712 gold pieces.

Inventory:

Jewellery
 b - a +6 ring of dexterity (right paw)
 c - an amulet of regeneration (around neck)
 g - a ring of flight
 h - a +6 ring of dexterity (left paw)
 i - a ring of resist corrosion
 k - a ring of protection from fire
 s - a ring of positive energy
Wands
 n - a wand of polymorph (4)
Scrolls
 d - 4 scrolls of teleportation
 j - 2 scrolls of magic mapping
 l - 5 scrolls of blinking
 r - a scroll of fog
Potions
 a - 4 potions of attraction
 e - 3 potions of lignification
 f - a potion of might
 m - 2 potions of curing
 o - a potion of cancellation
 p - a potion of haste {unknown}
 q - 3 potions of heal wounds


   Skills:
 + Level 9.3 Fighting
 + Level 12.0 Dodging
 * Level 10.4 Stealth
 * Level 12.7 Unarmed Combat


You had 9 spell levels left.
You didn't know any spells.
Your spell library was empty.

Dungeon Overview and Level Annotations

Branches:
Dungeon (12/15)            Temple (0/1) D:7            Lair (0/6) D:11
Ossuary (visited)
    Orc: D:9-12

Altars:
Fedhas
Sif Muna

Shops:
D:4 :   D:7 ?


Innate Abilities, Weirdness & Mutations

You have sharp claws.
You have razor-sharp teeth.
You have supernaturally acute eyesight. (SInv)
You cover ground quickly. (Speed+)
You are covered in thick fur. (AC +2)
Your paws help you pounce on unaware monsters.
You are incapable of wielding weapons or throwing items.
You cannot wear armour.
You gain extra lives every three experience levels.
You passively map a small area around you.
Your muscles are very strong. (Str +4)


Message History

* * * LOW HITPOINT WARNING * * *
The acid corrodes you! The acid dragon spits acid at you.
The splash of acid misses you.
You hear a shout!
There is an open door here.
You fail to use your ability.
There is a stone staircase leading up here.
You climb upwards.
There is a stone staircase leading down here.
You start resting.
You are no longer corroded.
You start resting.
HP restored.
You climb downwards.
The red ugly thing completely misses you.
There is a stone staircase leading up here.
A red film seems to cover your vision as you go berserk!
You feel yourself moving faster!
You feel mighty!
The red ugly thing completely misses you.
You barely miss the red ugly thing. The red ugly thing bites you.
You are engulfed in flames!!
You claw the red ugly thing! Your bite misses the red ugly thing.
The red ugly thing is lightly wounded.
You scratch the red ugly thing. Your bite misses the red ugly thing.
The red ugly thing is lightly wounded.
The red ugly thing bites you!
You are engulfed in flames!
You mangle the red ugly thing!!
The red ugly thing is heavily wounded.
You closely miss the red ugly thing. You claw the red ugly thing!
You bite the red ugly thing.
The red ugly thing is severely wounded.
The red ugly thing bites you.
You are engulfed in flames!
* * * LOW HITPOINT WARNING * * *
You barely miss the red ugly thing. You bite the red ugly thing.
The red ugly thing is almost dead.
You barely miss the red ugly thing.
The red ugly thing is almost dead.
The red ugly thing bites you!
You die...

#.# * #.# .. #.# ##.
###'### ##.. #.....#
#..* #####.#
##.####### #..u..###
#.........
#.###.'.###.........
#.D@#.#.D...DD......
#.#u#.#####.....>...
#...#.# #######.##
##'#### .# #.# # #.#
* #.# * * #.. , *
##.


You could see a red ugly thing and an acid dragon.

Vanquished Creatures
  2 boulder beetles (D:11)
  2 two-headed ogres
  A manticore (D:7)
  A cyclops (D:11)
  A gargoyle (D:10)
  A komodo dragon (D:10)
  A hornet (D:8)
  4 trolls
  A meliai zombie (D:11)
  2 shadows
  A wraith (D:10)
  3 yaks (D:11)
  A hog (shapeshifter) (D:10)
  2 steam dragons
  2 vampire mosquitoes (D:11)
  A water moccasin (D:5)
  2 sky beasts
  5 orc warriors
  3 ice beasts
  2 ogres (D:5)
  5 centaurs
  2 phantoms
  A gnoll sergeant (D:6)
  2 bullfrogs
  4 scorpions
  A water moccasin zombie (D:6)
  A water moccasin skeleton (D:6)
  15 killer bees
  7 electric eels
  7 wights
  3 howler monkeys
  8 centaur zombies
  A bullfrog zombie (D:6)
  9 orc priests
  A bullfrog skeleton (D:5)
  4 jellies
  4 hounds
  3 centaur skeletons (D:7)
  4 iguanas
  8 orc wizards
  A hound zombie (D:5)
  3 mummies (Ossuary)
  4 gnolls (D:6)
  4 adders
  3 adder zombies (Ossuary)
  An adder skeleton (D:4)
  2 worms (D:2)
  2 dart slugs (D:3)
  31 orcs
  5 bats
  10 endoplasms
  5 giant cockroaches
  11 goblins
  6 hobgoblins
  5 jackals
  9 kobolds
  2 quokkas
  3 ball pythons
  3 frilled lizards
  2 goblin zombies (Ossuary)
  4 hobgoblin zombies (Ossuary)
  A kobold zombie (Ossuary)
  3 quokka zombies (Ossuary)
  4 rats
  5 rat zombies (Ossuary)
257 creatures vanquished.

Vanquished Creatures (others)
  29 plants
  6 withered plants (D:11)
35 creatures vanquished.

Grand Total: 292 creatures vanquished

Notes
Turn   | Place    | Note
-------+----------+-------------------------------------------
     0 | D:1      | riojii the Felid Berserker began the quest for the Orb.
     0 | D:1      | Reached XP level 1. HP: 10/10 MP: 2/2
   883 | D:1      | Reached XP level 2. HP: 14/14 MP: 3/3
  1542 | D:1      | Reached XP level 3. HP: 15/17 MP: 4/4
  1684 | D:1      | Reached ** piety under Trog
  2153 | D:2      | Found a shimmering blue altar of Sif Muna.
  2708 | D:2      | Reached XP level 4. HP: 21/21 MP: 5/5
  3361 | D:3      | Reached skill level 5 in Dodging
  3560 | D:3      | Reached XP level 5. HP: 18/25 MP: 6/6
  3867 | D:4      | Noticed a phantom
  3893 | D:4      | Killed a phantom
  3894 | D:4      | Reached skill level 5 in Unarmed Combat
  3972 | D:4      | Gained mutation: You are covered in thick fur. (AC +2)
                  | [Felid growth]
  3972 | D:4      | Reached XP level 6. HP: 16/28 MP: 7/7
  4034 | D:4      | Reached *** piety under Trog
  4181 | D:4      | Found Bes Qese's Self-Improvement Boutique.
  4789 | D:5      | Entered Level 5 of the Dungeon
  5137 | D:5      | Reached XP level 7. HP: 25/33 MP: 8/8
  5161 | D:5      | Found a sand-covered staircase.
  5170 | Ossuary  | Entered an ossuary
  5599 | D:5      | Reached skill level 5 in Fighting
  5750 | D:5      | Reached **** piety under Trog
  6053 | D:5      | HP: 1/33 [poisoned by a water moccasin]
  6055 | D:5      | Slain by a water moccasin
  6056 | D:5      | Reached XP level 6. HP: -1/30 MP: 7/7
  6114 | D:5      | Killed a water moccasin
  6115 | D:5      | Reached XP level 7. HP: 33/33 MP: 8/8
  6134 | D:5      | Found a blossoming altar of Fedhas.
  6417 | D:5      | Gained mutation: You passively map a small area around you.
                  | [potion of mutation]
  6417 | D:5      | Gained mutation: You have hidden genetic potential. [potion
                  | of mutation]
  6787 | D:6      | Reached XP level 8. HP: 22/38 MP: 9/9
  7010 | D:6      | Gained mutation: Your muscles are strong. (Str +2) [hidden
                  | potential]
  7032 | D:6      | Identified the +5 flail of Infinite Pain {drain, Int+4}
  7309 | D:6      | HP: 1/39 [electric eel/bolt of electricity (14)]
  7310 | D:6      | Killed from afar by an electric eel
  7311 | D:6      | Reached XP level 7. HP: -9/35 MP: 8/8
  7464 | D:6      | Reached XP level 8. HP: 27/39 MP: 9/9
  7536 | D:7      | Found a staircase to the Ecumenical Temple.
  7614 | D:7      | Found Fisyon's Magic Scroll Shop.
  8036 | D:7      | Gained mutation: Your muscles are very strong. (Str +4)
                  | [hidden potential]
  8036 | D:7      | Lost mutation: You have hidden genetic potential. [hidden
                  | potential expressed]
  8204 | D:7      | Reached ***** piety under Trog
  8450 | D:7      | Noticed a manticore
  8475 | D:7      | Killed a manticore
  8476 | D:7      | Reached skill level 10 in Unarmed Combat
  8476 | D:7      | Reached XP level 9. HP: 42/43 MP: 10/10
  8672 | D:8      | Reached skill level 10 in Dodging
  8919 | D:8      | Noticed a troll
  8928 | D:8      | Killed a troll
  8929 | D:8      | Reached skill level 1 in Stealth
  9100 | D:9      | Noticed a troll
  9113 | D:9      | Killed a troll
  9397 | D:9      | Noticed a troll
  9400 | D:9      | Noticed a two-headed ogre
  9417 | D:9      | Killed a two-headed ogre
  9418 | D:9      | Reached skill level 5 in Stealth
  9418 | D:9      | Reached XP level 10. HP: 48/48 MP: 11/11
  9997 | D:10     | Entered Level 10 of the Dungeon
 10289 | D:10     | Noticed a gargoyle
 10299 | D:10     | Killed a gargoyle
 10509 | D:11     | Found a staircase to the Lair.
 10649 | D:11     | Reached XP level 11. HP: 33/52 MP: 12/12
 10721 | D:11     | Noticed a two-headed ogre
 10728 | D:11     | Killed a two-headed ogre
 11098 | D:11     | Noticed a boulder beetle
 11143 | D:11     | Killed a boulder beetle
 11215 | D:11     | Reached skill level 10 in Stealth
 11249 | D:11     | Noticed a boulder beetle
 11264 | D:11     | Mangled by a boulder beetle
 11265 | D:11     | Reached XP level 10. HP: -12/49 MP: 11/11
 11379 | D:11     | Killed a boulder beetle
 11442 | D:12     | Noticed a red ugly thing
 11500 | D:12     | Slain by a red ugly thing

Illustrated notes

Levels and vault maps discovered:
D:1:      dpeg_arrival_leaves_temple_mockup, layout_basic
D:2:      layout_basic, basic_altar, minmay_pentomino_p4
D:3:      layout_basic
D:4:      layout_basic, nicolae_shop_self_help
D:5:      layout_layer_cave, fedhas_altar_4, enter_ossuary_3, water_boxes_lemuel
D:6:      layout_loops_cross, serial_bayou_lagoon_b
D:7:      layout_loops_ring, minmay_temple_entry_statues_fountains,
          serial_shops, nicolae_shop_statue_plus, kennysheep_dice
D:8:      layout_rooms, amcnicky_mini_pool_small
D:9:      layout_loops_ring, nicolae_benzene_ring,
          minmay_fractal_squares_diagonal_5
D:10:     layout_rooms
D:11:     layout_basic, dpeg_oklobed_lair, serial_undead, serial_undead_a,
          serial_undead_e, serial_undead_e, serial_undead_f,
          grunt_decor_junction, amethyst_killhole
D:12:     layout_roguey [special_room_orc], david_orc_2, minmay_misc_feat_square

Skill      XL: |  1  2  3  4  5  6  7  8  9 10 11 |
---------------+----------------------------------+-----
Unarmed Combat | 4 5 6 9 10 11 12 | 12.7
Dodging        | 5 6 7 9 10 12 | 12.0
Fighting       | 4 6 7 8 9 |  9.3
Stealth        | 5 8 10 | 10.4

Action                   |  1- 3 |  4- 6 |  7- 9 | 10-12 || total
-------------------------+-------+-------+-------+-------++-------
Melee: Unarmed           |   129 |   172 |   382 |   246 ||   929
       Bite              |     7 |    21 |    51 |    44 ||   123
       Punch             |     3 |     7 |    27 |    23 ||    60
Invok: Trog's Hand       |       |       |     2 |     4 ||     6
       Berserk           |       |       |     3 |     4 ||     7
Evoke: Wand              |       |     2 |     9 |       ||    11
  Use: Scroll            |     1 |     5 |    10 |     4 ||    20
       Potion            |       |       |     3 |       ||     3
 Stab: Sleeping          |     3 |     3 |     8 |    11 ||    25
       Distracted        |       |       |       |     2 ||     2
Armor: Skin              |    10 |     8 |    13 |     4 ||    35
Dodge: Dodged            |    91 |   102 |   328 |   255 ||   776

Table legend: (Time is in decaauts)
 A = Elapsed time spent in this place.
 B = Non-inter-level travel time spent in this place.
 C = Inter-level travel time spent in this place.
 D = Time resting spent in this place.
 E = Time spent auto-exploring this place.
 F = Levels seen in this place.
 G = Mean time per level.
                   A        B        C        D        E       F      G
               +--------+--------+--------+--------+--------+-----+--------+
         Total |   9853 |   9641 |    212 |   1370 |   6057 |  13 |  757.9 |
       Dungeon |   9506 |   9294 |    212 |   1233 |   6057 |  12 |  792.2 |
       Ossuary |    346 |    346 |      0 |    136 |      0 |   1 |  346.0 |
               +--------+--------+--------+--------+--------+-----+--------+

Top non-repeatable levels by time:
     D:1: 1984 daAuts
     D:6: 1095 daAuts
     D:5: 1051 daAuts
    D:11: 827 daAuts
     D:4: 806 daAuts
     D:9: 761 daAuts
     D:3: 734 daAuts
     D:7: 721 daAuts
     D:2: 670 daAuts
    D:10: 415 daAuts
     D:8: 389 daAuts
 Ossuary: 346 daAuts
    D:12: 48 daAuts
